 Dungeon Crawl Stone Soup version 0.21-a0-110-g8e1637b (webtiles) character file.

35868 tilp the Cleaver (level 13, -2/114 HPs)
             Began as a Hill Orc Fire Elementalist on July 9, 2017.
             Was the Champion of Okawaru.
             Killed from afar by an orc sorcerer (10 damage)
             ... with a bolt of fire
             ... on level 10 of the Dungeon.
             The game lasted 01:38:12 (27962 turns).

tilp the Cleaver (Hill Orc Fire Elementalist)      Turns: 27962, Time: 01:38:13

Health: -2/114     AC: 19    Str:  9    XL:     13   Next: 86%
Magic:  10/20      EV:  2    Int: 22    God:    Okawaru [******]
Gold:   669        SH:  0    Dex: 13    Spells: 5/22 levels left

rFire    . . .     SeeInvis .   B - +7 war axe "Qealikle" {flame, +Rage rC+ Str-3 Dex+2}
rCold    + + .     Gourm    .   (no shield)
rNeg     + + +     Faith    .   o - +4 ring mail {rC+}
rPois    ∞         Spirit   .   I - +2 hat {Int+3}
rElec    .         Reflect  .   N - +2 cloak
rCorr    .         Harm     .   x - +1 pair of gloves
MR       +....                  e - +2 pair of boots {Stlth+}
Stlth    ++........             S - amulet of magic regeneration
HPRegen  0.29/turn              t - ring of protection from magic
MPRegen  0.42/turn              s - +3 ring of evasion

@: petrified, drained
A: no striking features
a: Heroism, Finesse, Renounce Religion, Evoke Berserk Rage


You were on level 10 of the Dungeon.
You worshipped Okawaru.
Okawaru was exalted by your worship.
You were very hungry.

You visited 4 branches of the dungeon, and saw 18 of its levels.
You also visited: Labyrinth.

You collected 1237 gold pieces.
You spent 568 gold pieces at shops.

Inventory:

Hand Weapons
 r - a +4 demon whip of electrocution
 B - the +7 war axe "Qealikle" (weapon) {flame, +Rage rC+ Str-3 Dex+2}
   (You found it on level 7 of the Dungeon)

   It has been specially enchanted to burn those struck by it, causing extra
   injury to most foes and up to half again as much damage against particularly
   susceptible opponents.
   Big, fiery blades are also staple armaments of hydra-hunters.
   It affects your strength (-3).
   It affects your dexterity (+2).
   It protects you from cold.
   It lets you go berserk.
 X - a +2 falchion of holy wrath
Armour
 e - a +2 pair of boots of stealth (worn)
 g - a +0 leather armour of poison resistance
 o - a +4 ring mail of cold resistance (worn)
 u - a +2 robe of magic resistance
 x - a +1 pair of gloves (worn)
 I - a +2 hat of intelligence (worn)
 N - a +2 cloak (worn)
 O - a +0 robe of positive energy
Jewellery
 k - an uncursed ring of see invisible
 s - a +3 ring of evasion (right hand)
 t - a ring of protection from magic (left hand)
 A - an uncursed ring of protection from cold
 L - an uncursed ring of positive energy
 S - an amulet of magic regeneration (around neck)
Wands
 y - a wand of polymorph (12/24)
 E - a wand of acid (8/15)
 F - a wand of scattershot (3/9)
 G - a wand of lightning (9/15)
 Q - a wand of digging (7/24)
 T - a wand of iceblast (14/15)
Scrolls
 d - a scroll of vulnerability {unknown}
 f - 3 scrolls of magic mapping
 i - 5 scrolls of remove curse
 m - 5 scrolls of teleportation
 n - 6 scrolls of amnesia
 w - 3 scrolls of fear
 D - a scroll of blinking
 P - a scroll of recharging
Potions
 l - 3 potions of cancellation
 p - a potion of haste {unknown}
 q - a potion of might {unknown}
 v - 4 potions of flight
 z - 5 potions of curing
 C - 2 potions of mutation
 H - 2 potions of invisibility
 K - 2 potions of heal wounds {unknown}
 M - 2 potions of agility
 W - 2 potions of degeneration {unknown}
Books
 a - a book of Cantrips

   Spells                             Type                      Level
   a - Confusing Touch                Hexes                        1
   b - Animate Skeleton               Necromancy                   1
   c - Summon Small Mammal            Summoning                    1
   d - Apportation                    Translocation                1
 h - a book of Frost

   Spells                             Type                      Level
   a - Freeze                         Ice                          1
   b - Throw Frost                    Conjuration/Ice              2
   c - Ozocubu's Armour               Charms/Ice                   3
   d - Throw Icicle                   Conjuration/Ice              4
   e - Summon Ice Beast               Ice/Summoning                4
 R - a book of Fire

   Spells                             Type                      Level
   a - Ignite Poison                  Fire/Transmutation/Poison    3
   b - Fireball                       Conjuration/Fire             5
   c - Bolt of Fire                   Conjuration/Fire             6
   d - Ring of Flames                 Charms/Fire                  7
   e - Ignition                       Fire                         8
Miscellaneous
 U - a box of beasts
 V - a phial of floods
 Y - a crystal ball of energy
Comestibles
 b - 4 chunks of flesh
 c - 5 bread rations
 j - 18 fruits
 J - a royal jelly


   Skills:
 + Level 10.4(9.3) Fighting
 + Level 12.5(11.4) Axes
 - Level 1.9(6.0) Maces & Flails
 - Level 6.1(5.1) Dodging
 - Level 1.5(0.6) Stealth
 + Level 5.1(4.1) Spellcasting
 - Level 9.7(8.5) Conjurations
 + Level 10.7(9.5) Fire Magic
 - Level 8.2(7.1) Invocations
 - Level 8.4(7.3) Evocations


You had 5 spell levels left.
You knew the following spells:

 Your Spells              Type           Power        Failure   Level  Hunger
a - Flame Tongue          Conj/Fire      #####        1%          1    None
b - Throw Flame           Conj/Fire      #####.       1%          2    #......
c - Conjure Flame         Conj/Fire      #####...     2%          3    ##.....
d - Sticky Flame          Conj/Fire      #####...     8%          4    ####...
e - Fireball              Conj/Fire      #####.....   21%         5    ######.
f - Throw Frost           Conj/Ice       ###...       8%          2    #......


Dungeon Overview and Level Annotations

Branches:
Dungeon (11/15)            Temple (1/1) D:7            Lair (5/6) D:8
  Swamp (0/4) Lair:4        Snake (0/4) Lair:3          Orc (1/2) D:10
  Slime: Lair:5-6

Altars:
Ashenzari
Cheibriados
Dithmenos
Elyvilon
Fedhas
Gozag
Hepliaklqana
Kikubaaqudgha
Makhleb
Nemelex Xobeh
Okawaru
Qazlal
Ru
Sif Muna
Trog
Uskayaw
Vehumet
Wu Jian
Xom
Yredelemnul
Zin
The Shining One
Beogh

Shops:
D:6 (   D:8 %   D:9 [

Annotations:
D:7 exclusion: oklob plant
D:11 Maurice
Lair:4 exclusion: 2 oklob plants


Message History

The chaos spawn hits you. The chaos spawn shocks you!
The orc sorcerer points at you and mumbles some strange words.
The bolt of negative energy hits you!
You feel drained.
Your limbs are stiffening.
The chaos spawn gores you but does no damage.
The orc sorcerer casts a spell at you. The bolt of fire hits you!
* * * LOW HITPOINT WARNING * * *
You have turned to stone.
The chaos spawn barely misses you. The orc sorcerer casts a spell at you.
The bolt of fire hits you!
* * * LOW HITPOINT WARNING * * *
The chaos spawn hits you.
* * * LOW HITPOINT WARNING * * *
You are engulfed in flames!
* * * LOW HITPOINT WARNING * * *
The orc sorcerer casts a spell at you.
Helpless, you fail to dodge the bolt of fire.
You die...

...## #.# #.....# ##
...#######.# #....(#
#.##.......# #.....#
#.##.......# #.....#
#.##..≈≈...# #.....#
#.##.≈≈≈...# #######
#.##..≈....#
#.##..≈..###############
.....≈≈≈.#......@......#
.....≈≈..#......4o.....#
.........#...⌠.._..⌠...#
........[#.............#
.......###......8......#
....(..####8'8#####8'8###
.......##...............#
.......#####.#######.####
#.###### #.........#


You could see a chaos spawn and an orc sorcerer.

Vanquished Creatures
  Fannar (Lair:2)
  A minotaur (Lab)
  3 hydras
  4 two-headed ogres
  Nergalle (Lair:2)
  An orc sorcerer (D:10)
  5 elephants (Lair:5)
  A black mamba (Lair:5)
  9 spiny frogs
  5 komodo dragons
  A troll (D:11)
  A jumping spider (shapeshifter) (D:11)
  3 tyrant leeches (Lair:4)
  A merfolk (D:10)
  7 dream sheep (Lair:5)
  A minotaur skeleton (Lab)
  3 blink frogs (Lair:3)
  4 hippogriffs
  2 redbacks (Lab)
  44 yaks
  A spriggan (D:9)
  4 wyverns
  3 basilisks
  4 hungry ghosts (Lab)
  Edmund (D:6)
  Menkaure (D:6)
  2 nagas (Lair:3)
  11 porcupines
  10 water moccasins
  8 orc warriors
  5 black bears
  2 ice beasts
  2 sky beasts
  5 ogres
  10 wolves
  An eye of draining (D:10)
  2 phantoms
  6 centaurs
  8 crocodiles
  Blork the orc (D:6)
  2 big kobolds
  12 bullfrogs
  4 jellies
  A water moccasin skeleton (D:5)
  14 killer bees
  5 scorpions
  4 howler monkeys
  5 crimson imps
  2 quasits (D:9)
  2 centaur zombies
  2 bullfrog zombies
  6 hounds
  A bullfrog skeleton (D:10)
  11 orc priests
  9 orc wizards
  Jessica (D:3)
  An iguana (D:11)
  5 worker ants
  A hound zombie (D:8)
  A howler monkey skeleton (D:5)
  A howler monkey zombie (D:9)
  A worker ant zombie (D:8)
  13 adders
  2 shadow imps
  An ooze (D:6)
  An adder zombie (D:7)
  An adder skeleton (D:5)
  5 worms
  4 leopard geckos
  45 orcs
  2 ball pythons
  5 giant cockroaches
  6 hobgoblins
  21 jackals
  17 kobolds
  5 quokkas
  6 bats
  6 frilled lizards
  9 goblins
  4 rats
  A plant (Lair:3)
430 creatures vanquished.

Vanquished Creatures (others)
  A steam dragon (D:10)
  A centaur (D:10)
  2 quokkas (D:10)
  A kobold (D:10)
  52 fungi
  25 plants
82 creatures vanquished.

Grand Total: 512 creatures vanquished

Notes
Turn   | Place    | Note
-------+----------+-------------------------------------------
     0 | D:1      | tilp the Hill Orc Fire Elementalist began the quest for the Orb.
     0 | D:1      | Reached XP level 1. HP: 14/14 MP: 3/3
   399 | D:1      | Reached XP level 2. HP: 14/20 MP: 1/5
  1432 | D:2      | Found a snail-covered altar of Cheibriados.
  1493 | D:2      | Reached XP level 3. HP: 26/26 MP: 6/6
  1497 | D:2      | Learned a level 2 spell: Throw Flame
  1501 | D:2      | Learned a level 3 spell: Conjure Flame
  2073 | D:2      | Reached XP level 4. HP: 25/33 MP: 4/7
  2306 | D:2      | Found a faded altar of an unknown god.
  2616 | D:3      | Noticed Jessica
  2627 | D:3      | Killed Jessica
  2649 | D:3      | Reached XP level 5. HP: 33/38 MP: 0/8
  3493 | D:3      | Found a stormy altar of Qazlal.
  3494 | D:3      | Found a deep blue altar of Sif Muna.
  3497 | D:3      | Found a bloodstained altar of Trog.
  3497 | D:3      | Found a glowing silver altar of Zin.
  3967 | D:4      | Reached skill level 5 in Conjurations
  3967 | D:4      | Reached XP level 6. HP: 39/45 MP: 9/9
  3976 | D:4      | Learned a level 4 spell: Sticky Flame
  4610 | D:5      | Entered Level 5 of the Dungeon
  4876 | D:5      | Reached skill level 5 in Fire Magic
  5112 | D:5      | Found an iron altar of Okawaru.
  5126 | D:5      | Became a worshipper of Warmaster Okawaru
  5196 | D:5      | Reached XP level 7. HP: 46/50 MP: 8/10
  6302 | D:6      | Noticed Edmund
  6371 | D:6      | Noticed Menkaure
  6382 | D:6      | Killed Menkaure
  6382 | D:6      | Reached * piety under Okawaru
  6382 | D:6      | Reached XP level 8. HP: 57/57 MP: 4/11
  6499 | D:6      | Found Juahu's Antique Weapon Shop.
  6732 | D:6      | Noticed Blork the orc
  6753 | D:6      | Killed Blork the orc
  7302 | D:6      | Killed Edmund
  7542 | D:7      | Found a staircase to the Ecumenical Temple.
  7551 | Temple   | Entered the Ecumenical Temple
  7761 | D:6      | Bought a runed demon whip for 378 gold pieces
  7820 | D:7      | Found a shimmering altar of Xom.
  7820 | D:7      | Noticed an oklob plant
  7925 | D:7      | Reached skill level 1 in Maces & Flails
  8182 | D:7      | Reached ** piety under Okawaru
  8410 | D:7      | Got a twisted war axe
  8411 | D:7      | Identified the +7 war axe "Qealikle" {flame, +Rage rC+ Str-3 Dex+2} (You found it on level 7 of the Dungeon)
  8523 | D:8      | Reached skill level 1 in Axes
  8523 | D:8      | Reached XP level 9. HP: 51/62 MP: 8/12
  8561 | D:8      | Reached skill level 1 in Invocations
  8561 | D:8      | Reached skill level 1 in Evocations
  8722 | D:8      | Found a sacrificial altar of Ru.
  8782 | D:8      | Reached skill level 2 in Axes
  9016 | D:8      | Reached skill level 3 in Axes
  9020 | D:8      | Reached *** piety under Okawaru
  9413 | D:8      | Noticed a two-headed ogre
  9452 | D:8      | Reached skill level 4 in Axes
  9677 | D:8      | Found a staircase to the Lair.
  9764 | D:8      | Killed a two-headed ogre
  9764 | D:8      | Reached **** piety under Okawaru
  9764 | D:8      | Reached skill level 5 in Axes
  9764 | D:8      | Reached skill level 5 in Invocations
  9764 | D:8      | Reached XP level 10. HP: 61/69 MP: 1/13
 10075 | D:8      | Found Huisood's Food Shop.
 10589 | D:9      | Reached skill level 6 in Axes
 10995 | D:9      | Reached skill level 10 in Fire Magic
 11018 | D:9      | Noticed a two-headed ogre
 11046 | D:9      | Killed a two-headed ogre
 11046 | D:9      | Reached ***** piety under Okawaru
 11046 | D:9      | Reached skill level 1 in Fighting
 11122 | D:9      | Found Pouman's Antique Armour Shoppe.
 11131 | D:9      | Bought a runed leather armour for 100 gold pieces
 11131 | D:9      | Bought a pair of boots for 90 gold pieces
 11203 | D:9      | Reached skill level 5 in Evocations
 11215 | D:9      | Reached skill level 7 in Axes
 11215 | D:9      | Reached XP level 11. HP: 81/81 MP: 4/16
 11301 | D:9      | Learned a level 5 spell: Fireball
 11778 | D:10     | Entered Level 10 of the Dungeon
 13389 | D:10     | Noticed an orc sorcerer
 13585 | D:10     | Noticed a sixfirhy
 13590 | D:10     | Noticed a soul eater
 13596 | D:10     | Killed an orc sorcerer
 13682 | D:10     | Found a roughly hewn altar of Beogh.
 13682 | D:10     | Found a staircase to the Orcish Mines.
 14204 | D:10     | Noticed a two-headed ogre
 14212 | D:10     | Killed a two-headed ogre
 14212 | D:10     | Reached skill level 8 in Axes
 14349 | D:10     | Noticed a two-headed ogre
 14365 | D:10     | Killed a two-headed ogre
 14365 | D:10     | Reached skill level 5 in Fighting
 14722 | D:11     | Reached ****** piety under Okawaru
 15388 | D:11     | Noticed a moth of wrath
 15392 | D:11     | a moth of wrath changed into a jumping spider
 15395 | D:11     | Reached skill level 9 in Axes
 15827 | D:11     | Noticed a skeletal warrior
 15829 | D:11     | Noticed Maurice
 15830 | D:11     | Noticed a skeletal warrior
 15830 | D:11     | Noticed a skeletal warrior
 15830 | D:11     | Noticed a skeletal warrior
 15831 | D:11     | Noticed a skeletal warrior
 16149 | Lair:1   | Entered Level 1 of the Lair of Beasts
 16228 | Lair:1   | Reached XP level 12. HP: 64/96 MP: 13/18
 17184 | Lair:2   | Found a labyrinth entrance.
 17290 | Lab      | Entered a labyrinth
 17524 | Lab      | Received a gift from Okawaru
 20090 | Lab      | Noticed a minotaur
 20102 | Lab      | Killed a minotaur
 20102 | Lab      | Reached skill level 5 in Dodging
 20209 | Lab      | Got a translucent rapier
 20297 | Lair:2   | Noticed Fannar
 20319 | Lair:2   | Killed Fannar
 20424 | Lair:2   | Reached skill level 10 in Axes
 20669 | Lair:2   | Identified the +5 rapier of the Ghost {pierce, MR+} (You found it in a labyrinth)
 20792 | Lair:2   | Noticed Nergalle
 20820 | Lair:2   | Killed Nergalle
 22576 | Lair:3   | Found a staircase to the Snake Pit.
 23901 | Lair:3   | Reached XP level 13. HP: 76/108 MP: 19/19
 23912 | Lair:3   | Reached skill level 11 in Axes
 24677 | Lair:4   | Received a gift from Okawaru
 25077 | Lair:4   | Got a warped leather armour
 25314 | Lair:4   | Received a gift from Okawaru
 25366 | Lair:4   | Found a staircase to the Swamp.
 26367 | Lair:5   | Reached skill level 12 in Axes
 26470 | Lair:5   | Identified the cursed +1 leather armour "Mepauxus" {rElec rF+ Str-2 Int+3} (You found it on level 4 of the Lair of Beasts)
 26538 | Lair:5   | Reached skill level 10 in Fighting
 27353 | Lair:5   | Reached skill level 5 in Spellcasting
 27553 | Lair:5   | Learned a level 2 spell: Throw Frost
 27855 | Orc:1    | Entered Level 1 of the Orcish Mines
 27955 | D:10     | Paralysed by an orc sorcerer for 6 turns
 27962 | D:10     | Killed from afar by an orc sorcerer

Vault maps used:
D:1:      dpeg_arrival_brainrot
D:2:      old_standard_altar, chequers_ecumenical_altar_grove
D:3:      chequers_temple_overflow_statue_of_worship, uniq_jessica
D:4:      first_bread
D:5:      kennysheep_okawaru_gauntlet
D:6:      serial_shops, shop, kennysheep_potato, uniq_menkaure, uniq_edmund,
          uniq_blork_the_orc
D:7:      minmay_temple_entry_butterflies, lemuel_oklob_altar
D:8:      nicolae_ru_sacrificial_ziggurat, due_lair_maze_entry_diamond,
          serial_shops, kennysheep_little_box
D:9:      serial_shops, shop
D:10:     david_orc_5, hangedman_stone_soup, lemuel_flamethrower_2
D:11:     uniq_snorg, uniq_maurice
Temple:   regret_index_temple_sphere_string
Lair:1:   bh_autumn_forest_stairs, lemuel_fruit_tree, grunt_megastairs_1,
          serial_bayou_shore_b
Lair:2:   lab_entry_generic, uniq_nergalle, uniq_fannar
Lair:3:   minmay_snake_entry_guardpost_small, infiniplex_staircase_pool
Lair:4:   minmay_swamp_entry_worms, serial_bayou_shore_b,
          minmay_lair_oklob_chamber, infiniplex_staircase_pool_2
Lair:5:   serial_bayou_shore_b
Orc:1:    orc_temple
Lab:      labyrinth_mini_lab, labyrinth_skeletal_remains, lab_block, lab_statue,
          nicolae_lab_garden

Skill      XL: |  1  2  3  4  5  6  7  8  9 10 11 12 13 |
---------------+----------------------------------------+-----
Spellcasting   | 2 3 5 |  5.1
Conjurations   | 2 3 5 6 7 9 |  9.7
Fire Magic     | 5 7 9 10 | 10.7
Maces & Flails | 1 |  1.9
Axes           | 1 5 7 9 10 12 | 12.5
Invocations    | 5 6 8 |  8.2
Evocations     | 3 5 6 8 |  8.4
Fighting       | 2 6 8 10 | 10.4
Dodging        | 2 4 6 |  6.1
Stealth        | |  1.5

Action                   |  1- 3 |  4- 6 |  7- 9 | 10-12 | 13-15 || total
-------------------------+-------+-------+-------+-------+-------++-------
Melee: Short sword       |    81 |    52 |       |       |       ||   133
       Dagger            |       |    93 |    50 |       |       ||   143
       Demon whip        |       |       |    39 |       |       ||    39
       War axe           |       |       |    93 |   498 |   216 ||   807
Throw: Stone             |    10 |     1 |       |       |       ||    11
       Tomahawk          |       |     8 |       |       |       ||     8
 Cast: Flame Tongue      |    26 |    71 |   101 |   202 |    60 ||   460
       Throw Flame       |       |     6 |     9 |    14 |     2 ||    31
       Conjure Flame     |       |     1 |     1 |    14 |     9 ||    25
       Sticky Flame      |       |       |    10 |    51 |    26 ||    87
       Fireball          |       |       |       |     3 |     2 ||     5
Invok: Heroism           |       |       |     1 |     1 |     1 ||     3
Evoke: Box of beasts     |       |       |       |       |     1 ||     1
       Phial of floods   |       |       |       |       |     1 ||     1
  Use: Scroll            |       |     9 |     1 |    16 |     4 ||    30
       Potion            |       |       |       |     2 |     1 ||     3
 Stab: Sleeping          |     5 |     2 |     3 |     2 |     2 ||    14
       Distracted        |       |       |       |       |     1 ||     1
  Eat: Chunk             |     4 |     9 |     8 |    16 |     8 ||    45
       Royal jelly       |       |     1 |     2 |     6 |     3 ||    12
       Meat ration       |       |       |     1 |     2 |     1 ||     4
       Bread ration      |       |       |       |     6 |       ||     6
Armor: Robe              |    17 |    41 |    58 |    28 |       ||   144
       Ring mail         |       |       |       |   199 |   101 ||   300
Dodge: Dodged            |    60 |   104 |   109 |   373 |   152 ||   798
